 Dungeon Crawl Stone Soup version 0.28-a0-751-gef3a642a4e (webtiles) character file.

Game seed: 13128826856537578114

28 spiderkeys the Skirmisher (level 3, 0/23 HPs)
             Began as a Gargoyle Abyssal Knight on Oct 31, 2021.
             Was a Follower of Lugonu.
             Slain by a jackal (1 damage)
             ... on level 1 of the Dungeon.
             The game lasted 00:01:34 (647 turns).

spiderkeys the Skirmisher (Gargoyle Abyssal Knight)  Turns: 647, Time: 00:01:35

Health: 0/23       AC: 17    Str: 17    XL:     3   Next: 12%
Magic:  0/4        EV:  2    Int: 10    God:    Lugonu [*.....]
Gold:   24         SH:  0    Dex: 10    Spells: 2/2 levels left

rFire   . . .      SeeInvis .   a - +1 mace
rCold   . . .      Faith    .   (no shield)
rNeg    + . .      Spirit   +   d - +3 plate armour
rPois   ∞          Reflect  .   (no helmet)
rElec   +          Harm     .   (no cloak)
rCorr   .          Rampage  .   (no gloves)
Will    .....                   (no boots)
Stlth   ..........              G - amulet of guardian spirit
HPRegen 0.07/turn               (no ring)
MPRegen 0.09/turn               (no ring)

@: constricted
A: sickness immunity, AC +3, negative energy resistance 1, electricity
resistance, torment resistance 1, petrification resistance
a: Renounce Religion, Depart the Abyss


You were on level 1 of the Dungeon.
You worshipped Lugonu.
Lugonu was aware of your devotion.
You visited 1 branch of the dungeon, and saw 1 of its levels.
You visited the Abyss 1 time.

You collected 24 gold pieces.


Innate Abilities, Weirdness & Mutations

You are immune to sickness and miasma.
Your stone body is resilient. (AC +3)
You are immune to poison.
You resist negative energy. (rN+)
You are resistant to electric shocks. (rElec)
You are resistant to unholy torment.
You are immune to petrification.


   Skills:
 + Level 3.6 Fighting
 + Level 2.4 Maces & Flails
 + Level 2.7 Armour
 - Level 0.7 Dodging
 + Level 2.5 Invocations


You had 2 spell levels left.
You didn't know any spells.
Your spell library was empty.

Inventory:

Hand Weapons
 a - a +1 mace (weapon)
Missiles
 c - 12 bolts
 e - 23 stones
Armour
 b - a +0 leather armour
 d - a +3 plate armour (worn)
   (You found it on level 2 of the Abyss)
Jewellery
 G - an amulet of guardian spirit (around neck)
   (You found it on level 1 of the Dungeon)
Scrolls
 f - a scroll of identify {@r1}

Dungeon Overview and Level Annotations

Branches:
Dungeon (1/15)

Altars:

##.........##....#....#..)...#
###.....###....##...#####..##
..#######.....##....#......###
............###....##.........
#.......####.....##..........
##+###'##.......##...........
..............####.....†......
...........#######.....>......
############h@SKSK............
#....l######.#.†..##### #.....
#..........#
#..l..##....J.>$..#..
...ll.............(....
.#..!..##.....†.........
.......#...........#....
≈.......................
.............#....


You could see a jackal, 2 ball pythons, 2 kobolds and 4 frilled lizards.


Message History

You kill the quokka!
Lugonu accepts your kill.
The jackal bites you but does no damage.
The jackal barely misses you.
You see here a +1 spear of flaming.
A frilled lizard comes into view. 😨 HP[+1]
You hit the quokka but do no damage.
The jackal bites you but does no damage.
The quokka barely misses you.
The jackal bites you but does no damage.
The quokka bites you.
* * * LOW HITPOINT WARNING * * *
😱 HP[-1]
You take 1 damage, and now have 4/19 hp.
You hit the quokka but do no damage. The jackal bites you.
* * * LOW HITPOINT WARNING * * *
The quokka bites you but does no damage.
The jackal bites you but does no damage. 😱 HP[-1]
You take 1 damage, and now have 3/19 hp.
You barely miss the quokka.
The quokka bites you but does no damage.
The jackal barely misses you.
The quokka bites you but does no damage.
Your plate armour prevents you from hitting the quokka.
The jackal bites you but does no damage. x2
The quokka bites you but does no damage.
You sock the quokka!
You kill the quokka!
Lugonu accepts your kill.
The jackal bites you but does no damage. x2
A frilled lizard comes into view.
You have reached level 3!
Your experience leads to an increase in your attributes!
Increase (S)trength, (I)ntelligence, or (D)exterity?
You feel stronger. 😱 HP[+1]
You now have 23 max hp (+4).
Okay, then.
You aren't carrying any potions.
You closely miss the frilled lizard.
The frilled lizard hisses angrily.
The jackal barely misses you.
The frilled lizard completely misses you.
The jackal bites you.
* * * LOW HITPOINT WARNING * * *
The frilled lizard bites you but does no damage. 😱 HP[-1] MP[+1]
You take 1 damage, and now have 3/23 hp.
You closely miss the frilled lizard.
The jackal bites you but does no damage.
The frilled lizard bites you but does no damage.
The jackal bites you but does no damage.
You closely miss the frilled lizard.
The jackal bites you but does no damage.
The frilled lizard bites you but does no damage.
The jackal bites you but does no damage.
You hit the frilled lizard.
You kill the frilled lizard!
Lugonu accepts your kill.
The jackal bites you but does no damage.
You sock the frilled lizard!
You kill the frilled lizard!
Lugonu accepts your kill.
The jackal bites you but does no damage.
The jackal completely misses you.
A frilled lizard comes into view.
The jackal bites you but does no damage.
You see here a frilled lizard corpse.
The frilled lizard hisses angrily.
You hit the jackal.
You kill the jackal!
Lugonu accepts your kill.
You hit the jackal but do no damage. The jackal barely misses you. x2
A frilled lizard comes into view.
You barely miss the jackal.
The frilled lizard hisses angrily.
The jackal bites you but does no damage. x2
A frilled lizard comes into view. x2
You barely miss the jackal.
The frilled lizard hisses angrily. x2
The jackal bites you.
* * * LOW HITPOINT WARNING * * *
The frilled lizard unfolds its giant frill.
The jackal bites you but does no damage.
You sock the jackal!
You kill the jackal!
Lugonu accepts your kill. The ball python bites you.
* * * LOW HITPOINT WARNING * * *
The ball python barely misses you. The frilled lizard bites you.
* * * LOW HITPOINT WARNING * * *
😱 HP[-2] MP[-1]
You take 2 damage, and now have 1/23 hp.
You lost 1 mp, and now have 2/4 mp.
You barely miss the ball python. The ball python bites you.
The ball python grabs you. The ball python constricts you.
The jackal bites you.
You die...

Action                   || total
-------------------------++-------
Melee: Mace              ||    51
Invok: Depart the Abyss  ||     1
  Use: Scroll            ||     2
Armor: Plate armour      ||    79
Dodge: Dodged            ||    28

Levels and vault maps discovered:
D:1:      dpeg_arrival_circle_labyrinth_a, layout_rooms,
          hellmonk_ecumenical_altar_pennies_from_heaven, grunt_decor_arrowhead,
          minmay_lizard_pond

Notes
Turn   | Place    | Note
-------+----------+-------------------------------------------
     0 | Abyss:1  | spiderkeys the Gargoyle Abyssal Knight began the quest for
                  | the Orb.
     0 | Abyss:1  | Reached XP level 1. HP: 14/14 MP: 2/2
     0 | Abyss:1  | magus.rc [v1.9.10]
    29 | Abyss:2  | Noticed an ancient zyme
    52 | Abyss:2  | Noticed a starcursed mass
    54 | Abyss:2  | HP: 2/14 [ancient zyme (7)]
    55 | D:1      | You pass through the gate.
    55 | D:1      | Escaped the Abyss
   501 | D:1      | Reached XP level 2. HP: 13/19 MP: 3/3
   606 | D:1      | Reached * piety under Lugonu
   625 | D:1      | HP: 4/19 [jackal (1)]
   631 | D:1      | HP: 4/19 [quokka (1)]
   636 | D:1      | Reached XP level 3. HP: 4/23 MP: 2/4
   636 | D:1      | HP: 3/23 [jackal (1)]
   645 | D:1      | HP: 3/23 [jackal (1)]
   646 | D:1      | HP: 1/23 [frilled lizard (1)]
   647 | D:1      | Slain by a jackal

Vanquished Creatures
  A gnoll (D:1)
  A ball python (D:1)
  An endoplasm (D:1)
  2 giant cockroaches (D:1)
  A hobgoblin (D:1)
  2 jackals (D:1)
  A kobold (D:1)
  3 quokkas (D:1)
  A bat (D:1)
  2 frilled lizards (D:1)
  2 rats (D:1)
17 creatures vanquished.

Table legend:
 A = Non-vault XP
 B = Vault XP
 C = Vault XP percentage of total XP
 D = Non-vault monster count
 E = Vault monster count
 F = Vault count percentage of total count
                 A         B        C        D         E       F
            +---------+---------+-------+---------+---------+-------
      Total |      38 |       2 |   5.0 |      15 |       2 |  11.8
            +---------+---------+-------+---------+---------+-------
        D:1 |      38 |       2 |   5.0 |      15 |       2 |  11.8
            +---------+---------+-------+---------+---------+-------

Illustrated notes

Table legend:
 A = Kills in this place as a percentage of kills in entire the game.
 B = Kills by you in this place as a percentage of kills by you in the entire game.
 C = Kills by friends in this place as a percentage of kills by friends in the entire game.
 D = Other kills in this place as a percentage of other kills in the entire game.
 E = Experience gained in this place as a percentage of experience gained in the entire game.
 F = Experience gained in this place divided by the number of levels of this place that you have seen.
                   A       B       C       D       E      F
               +-------+-------+-------+-------+-------+----------------------
         Total | 100.0 | 100.0 |   N/A |   N/A | 100.0 |  13.3
       Dungeon | 100.0 | 100.0 |   N/A |   N/A | 100.0 |  40.0
               +-------+-------+-------+-------+-------+----------------------

Table legend: (Time is in decaauts)
 A = Elapsed time spent in this place.
 B = Non-inter-level travel time spent in this place.
 C = Inter-level travel time spent in this place.
 D = Time resting spent in this place.
 E = Time spent auto-exploring this place.
 F = Levels seen in this place.
 G = Mean time per level.
                   A        B        C        D        E       F      G
               +--------+--------+--------+--------+--------+-----+--------+
         Total |    661 |    661 |      0 |      0 |    496 |   3 |  220.3 |
       Dungeon |    606 |    606 |      0 |      0 |    494 |   1 |  606.0 |
         Abyss |     54 |     54 |      0 |      0 |      2 |   2 |   27.0 |
               +--------+--------+--------+--------+--------+-----+--------+

Top non-repeatable levels by time:
     D:1: 606 daAuts
 Abyss:2: 34 daAuts
 Abyss:1: 20 daAuts
